 Dungeon Crawl Stone Soup version 0.29-a0-369-gd956c00756 (webtiles) character file.

Game seed: 8386246696031932577

7 Antichthon the Skirmisher (level 2, -3/19 HPs)
             Began as a Gargoyle Fighter on May 1, 2022.
             Slain by a gnoll
             ... wielding a +0 spear
              (6 damage)
             ... on level 1 of the Dungeon.
             The game lasted 00:00:30 (340 turns).

Antichthon the Skirmisher (Gargoyle Fighter)         Turns: 340, Time: 00:00:31

Health: -3/19      AC: 11    Str: 19    XL:     2   Next: 0%
Magic:  2/2        EV:  9    Int:  8    God:
Gold:   36         SH:  4    Dex:  9    Spells: 1/1 levels left

rFire   . . .      SeeInvis .   a - +0 flail
rCold   . . .      Faith    .   c - +0 buckler
rNeg    + . .      Spirit   .   b - +0 scale mail
rPois   ∞          Reflect  .   e - +2 hat
rElec   +          Harm     .   (no cloak)
rCorr   .          Rampage  .   (no gloves)
Will    .....                   (no boots)
Stlth   ..........              (no amulet)
HPRegen 0.06/turn               (no ring)
MPRegen 0.08/turn               (no ring)

@: no status effects
A: sickness immunity, AC +2, negative energy resistance 1, electricity
resistance, torment resistance 1, petrification resistance
a: no special abilities


You were on level 1 of the Dungeon.
You visited 1 branch of the dungeon, and saw 1 of its levels.

You collected 36 gold pieces.

Inventory:

Hand Weapons
 a - a +0 flail (weapon)
Armour
 b - a +0 scale mail (worn)
 c - a +0 buckler (worn)
 e - a +2 hat (worn)
Potions
 d - a potion of might
 f - a potion of lignification {unknown}


   Skills:
 * Level 3.5 Fighting
 * Level 2.0 Maces & Flails
 * Level 3.3 Armour
 * Level 3.4 Shields
 * Level 0.1 Invocations


You had one spell level left.
You didn't know any spells.
Your spell library was empty.

Dungeon Overview and Level Annotations

Branches:
Dungeon (1/15)

Altars:


Innate Abilities, Weirdness & Mutations

You are immune to sickness and miasma.
Your stone body is resilient. (AC +2)
You are immune to poison.
You resist negative energy. (rN+)
You are resistant to electric shocks. (rElec)
You are resistant to unholy torment.
You are immune to petrification.


Message History

You see here 3 atropa-tipped darts.
f - a sapphire potion
Found a spear.
A frilled lizard comes into view.
Found a club.
Found a stone staircase leading down.
The frilled lizard hisses angrily.
A rat comes into view.
A gnoll comes into view. It is wielding a +0 spear.
There are monsters nearby!
You barely miss the frilled lizard.
The frilled lizard bites you but does no damage. x2
You closely miss the frilled lizard. The rat barely misses you.
The frilled lizard barely misses you.
You barely miss the frilled lizard. The rat bites you but does no damage.
You block the gnoll's attack. The frilled lizard barely misses you.
The frilled lizard attacks as you move away!
The frilled lizard bites you but does no damage.
The rat closely misses you. The gnoll barely misses you.
You hit the rat.
The rat is severely wounded.
The rat completely misses you. The gnoll hits you but does no damage.
You thump the rat!
You kill the rat!
The gnoll hits you but does no damage. x2
You have reached level 2!
The gnoll hits you but does no damage.
You closely miss the gnoll. The gnoll hits you but does no damage.
You closely miss the gnoll. You block the gnoll's attack.
You closely miss the gnoll. The gnoll barely misses you.
The gnoll hits you with a +0 spear.
You closely miss the gnoll. The gnoll hits you with a +0 spear!
You closely miss the gnoll. You block the gnoll's attack.
You hit the gnoll but do no damage. The gnoll barely misses you.
The gnoll closely misses you.
You completely miss the gnoll. The gnoll hits you with a +0 spear.
* * * LOW HITPOINT WARNING * * *
You barely miss the gnoll. The gnoll barely misses you.
Unknown command.
You hit the gnoll but do no damage. The gnoll hits you with a +0 spear.
You die...

#.......(..####..........#
#..........##...#.......##
#####..#####..######.##..#
#.....†..## .# .#
#...###### .# . #...####
.# #.....)# .# #.##...####
.# ...###..@gl# ..###
##.##.# .# #.##.....#
#.##..#### #.##...
#..#)##. ##..># ## #..#
...


You could see a gnoll and a frilled lizard.

Vanquished Creatures
  An endoplasm (D:1)
  A hobgoblin (D:1)
  2 ball pythons (D:1)
  2 bats (D:1)
  A kobold (D:1)
  A rat (D:1)
8 creatures vanquished.

Notes
Turn   | Place    | Note
-------+----------+-------------------------------------------
     0 | D:1      | Antichthon the Gargoyle Fighter began the quest for the
                  | Orb.
     0 | D:1      | Reached XP level 1. HP: 14/14 MP: 1/1
   331 | D:1      | Reached XP level 2. HP: 19/19 MP: 2/2
   340 | D:1      | Slain by a gnoll

Illustrated notes

Levels and vault maps discovered:
D:1:      mrwooster_arrival_statue_3, layout_rooms

Action                   || total
-------------------------++-------
Melee: Flail             ||    31
  Use: Scroll            ||     1
Armor: Scale mail        ||    22
Dodge: Dodged            ||    23
Block: Buckler           ||     7

Table legend: (Time is in decaauts)
 A = Elapsed time spent in this place.
 B = Non-inter-level travel time spent in this place.
 C = Inter-level travel time spent in this place.
 D = Time resting spent in this place.
 E = Time spent auto-exploring this place.
 F = Levels seen in this place.
 G = Mean time per level.
                   A        B        C        D        E       F      G
               +--------+--------+--------+--------+--------+-----+--------+
         Total |    349 |    349 |      0 |      0 |    261 |   1 |  349.0 |
       Dungeon |    349 |    349 |      0 |      0 |    261 |   1 |  349.0 |
               +--------+--------+--------+--------+--------+-----+--------+

Top non-repeatable levels by time:
     D:1: 349 daAuts
